 Dungeon Crawl Stone Soup version 0.23-a0-713-ge59bbb1 (webtiles) character file.

48 JeffiDaFish the Grave Robber (level 3, 0/16 HPs)
             Began as a Spriggan Necromancer on Jan 15, 2019.
             Slain by a worm (7 damage)
             ... on level 2 of the Dungeon.
             The game lasted 00:03:44 (2950 turns).

JeffiDaFish the Grave Robber (Spriggan Necromancer) Turns: 2950, Time: 00:03:44

Health: 0/16       AC:  2    Str:  4    XL:     3   Next: 50%
Magic:  0/8        EV: 19    Int: 17    God:
Gold:   84         SH:  0    Dex: 16    Spells: 4/8 levels left

rFire    . . .     SeeInvis +   d - +0 dagger
rCold    . . .     Gourm    .   (shield restricted)
rNeg     . . .     Faith    .   a - +0 robe
rPois    .         Spirit   .   (helmet restricted)
rElec    .         Reflect  .   (no cloak)
rCorr    .         Harm     .   (gloves unavailable)
MR       .....                  (boots unavailable)
Stlth    ++........             (no amulet)
HPRegen  0.05/turn              (no ring)
MPRegen  0.11/turn              (no ring)

@: very quick
A: very small, unfitting armour, see invisible, herbivore, speed 3, slow
metabolism 2
a: no special abilities


You were on level 2 of the Dungeon.
You were not hungry.

You visited 1 branch of the dungeon, and saw 2 of its levels.

You collected 84 gold pieces.

Inventory:

Hand Weapons
 d - a +0 dagger (weapon)
Armour
 a - a +0 robe (worn)
Scrolls
 e - 2 scrolls of remove curse {unknown}
 f - a scroll of identify
Potions
 b - a potion of heal wounds
Comestibles
 c - 4 rations


   Skills:
 + Level 3.8 Dodging
 - Level 3.0 Stealth
 + Level 3.3 Spellcasting
 * Level 4.3 Necromancy


You had 4 spell levels left.
You knew the following spells:

 Your Spells              Type           Power        Failure   Level  Hunger
a - Pain                  Necr           ###.         3%          1    None
b - Vampiric Draining     Necr           ###.......   9%          3    ###....

Your spell library contained the following spells:

 Spells                   Type           Power        Failure   Level  Hunger
 Animate Skeleton         Necr           N/A          3%          1    None
 Regeneration             Chrm/Necr      ##........   22%         3    ###....
 Animate Dead             Necr           N/A          28%         4    ####...


Dungeon Overview and Level Annotations

Branches:
Dungeon (2/15)

Altars:


Innate Abilities, Weirdness & Mutations

You are very small and have problems with some larger weapons.
You are too small for most types of armour.
You have supernaturally acute eyesight. (SInv)
You are a herbivore.
You cover ground extremely quickly.
You need to consume almost no food.


Message History

The goblin shouts!
Casting: Pain (safe; 3% risk of failure)
Confirm with . or Enter, or press ? or * to list all spells.
Aiming: Pain (safe; 3% risk of failure)
Press: ? - help, Shift-Dir - straight line, f/p - worm
Aim: a worm (severely wounded, chance to defeat MR: 82%)
The worm writhes in agony!
Casting: Pain (safe; 3% risk of failure)
Confirm with . or Enter, or press ? or * to list all spells.
Aiming: Pain (safe; 3% risk of failure)
Press: ? - help, Shift-Dir - straight line, f/p - worm
Aim: a worm (severely wounded, chance to defeat MR: 82%)
The worm barely resists.
Casting: Pain (safe; 3% risk of failure)
Confirm with . or Enter, or press ? or * to list all spells.
Aiming: Pain (safe; 3% risk of failure)
Press: ? - help, Shift-Dir - straight line, f/p - worm
Aim: a worm (severely wounded, chance to defeat MR: 82%)
The worm writhes in agony!
The worm bites you!
You die...

......†....######....
.....#.$.#........... #..#
#...#.#########. #####.###...#.#
#. ##.....##...>..# #####.
##..............#####.....
#.........................
#............<...# #......
#.......w@.......# #......
#.............)..###......
#.w..............##.......
#..g.w.g..........)............
#..................$............
#..............#>...............
#......$....##.#................
##.........###.#.)..............
##...#..... #.#................


You could see a worm, a dart slug and a goblin.

Vanquished Creatures
  An adder (D:2)
  3 leopard geckos
  3 goblins
  8 hobgoblins
  2 jackals (D:1)
  3 kobolds
  A quokka (D:2)
  2 ball pythons (D:2)
  6 bats
  2 rats (D:2)
31 creatures vanquished.

Notes
Turn   | Place    | Note
-------+----------+-------------------------------------------
     0 | D:1      | JeffiDaFish the Spriggan Necromancer began the quest for
                  | the Orb.
     0 | D:1      | Reached XP level 1. HP: 9/9 MP: 5/5
   824 | D:1      | Reached XP level 2. HP: 9/13 MP: 1/6
  1145 | D:1      | Reached skill level 4 in Necromancy
  1920 | D:2      | Reached XP level 3. HP: 13/16 MP: 4/8
  2608 | D:2      | Learned a level 3 spell: Vampiric Draining
  2699 | D:2      | Noticed an ice beast
  2950 | D:2      | Slain by a worm

Vault maps used:
D:1:      eino_arrival_druids_welcome, st_stairs_11
D:2:      chequers_ecumenical_altar_simple

Skill      XL: |  1  2 |
---------------+-------+-----
Spellcasting   | 3 |  3.3
Necromancy     | 4 |  4.3
Dodging        | |  3.8
Stealth        | |  3.0

Action                   || total
-------------------------++-------
Melee: Dagger            ||     2
 Cast: Pain              ||    80
  Use: Potion            ||     1
       Scroll            ||     1
Armor: Robe              ||     4
Dodge: Dodged            ||    14

Table legend:
 A = Non-vault XP
 B = Vault XP
 C = Vault XP percentage of total XP
 D = Non-vault monster count
 E = Vault monster count
 F = Vault count percentage of total count
                 A         B        C        D         E       F
            +---------+---------+-------+---------+---------+-------
      Total |      65 |       4 |   5.8 |      29 |       2 |   6.5
            +---------+---------+-------+---------+---------+-------
        D:1 |      28 |       4 |  12.5 |      14 |       2 |  12.5
        D:2 |      37 |       0 |   0.0 |      15 |       0 |   0.0
            +---------+---------+-------+---------+---------+-------
